 Dungeon Crawl Stone Soup version 0.32-a0-314-g526f7d4 (webtiles) character file.

Game seed: 12171555731342602619

7576 sdynet the Thaumaturge (level 10, -1/77 HPs)
             Began as a Mountain Dwarf Cinder Acolyte on Feb 15, 2024.
             Was a High Priest of Ignis.
             Slain by a warg (11 damage)
             ... on level 10 of the Dungeon.
             The game lasted 00:37:54 (12049 turns).

sdynet the Thaumaturge (MDCA)                      Turns: 12049, Time: 00:37:54

Health: -1/77      AC: 13    Str: 18    XL:     10   Next: 97%
Magic:  0/25       EV: 16    Int: 21    God:    Ignis [*****.]
Gold:   535        SH:  5    Dex:  9    Spells: 16/31 levels left

rFire   + . .        a - staff of earth
rCold   . . .        (no shield)
rNeg    . . .        y - +0 leather armour of Spite {rElec Int+3 Dex+4}
rPois   +            (helmet restricted)
rElec   +            (no cloak)
rCorr   .            P - +0 pair of gloves
SInv    .            e - +1 pair of boots
Will    +....        B - amulet of reflection
Stlth   +            m - +5 ring of evasion
HPRegen 0.32/turn    Q - ring of poison resistance
MPRegen 0.19/turn

%: reflection
@: fiery-armoured
A: runic magic, artefact enchanting, horns 1
a: Renounce Religion, Fiery Armour, Foxfire Swarm, Rising Flame


You were on level 10 of the Dungeon.
You worshipped Ignis.
Ignis was extremely pleased with you.
You visited 2 branches of the dungeon, and saw 11 of its levels.

You collected 535 gold pieces.

Inventory:

Hand Weapons
 b - a +5 hand axe
 g - a +1 whip of electrocution
 j - a -1 hand axe of flaming
 v - a +0 war axe
 z - the +7 mace of Fortitude {pain, *Slow rCorr Dex+2}
   (You found it on level 5 of the Dungeon)

   Dex+2:     It affects your dexterity (+2).
   rCorr:     It protects you from acid and corrosion.
   *Slow:     It may slow you when you take damage.
Missiles
 H - 3 throwing nets
 O - 5 datura-tipped darts
 Y - a curare-tipped dart
 Z - 3 poisoned darts
Armour
 d - +0 steam dragon scales
 e - a +1 pair of boots (worn)
 l - a +0 helmet
 y - the +0 leather armour of Spite (worn) {rElec Int+3 Dex+4}
   (You took it off a kobold brigand on level 5 of the Dungeon)

   Int+3:     It affects your intelligence (+3).
   Dex+4:     It affects your dexterity (+4).
   rElec:     It insulates you from electricity.
 G - the +0 robe of Darkness {rF+ rCorr Str-5 Dex+3}
   (You found it on level 3 of the Dungeon)

   Str-5:     It affects your strength (-5).
   Dex+3:     It affects your dexterity (+3).
   rF+:       It protects you from fire.
   rCorr:     It protects you from acid and corrosion.
 P - a +0 pair of gloves (worn)
Magical Staves
 a - a staff of earth (weapon)
Jewellery
 f - a ring of protection from cold
 k - a ring of ice
 m - a +5 ring of evasion (left hand)
 B - an amulet of reflection (around neck)
 Q - a ring of poison resistance (right hand)
Wands
 i - a wand of polymorph (11)
 D - a wand of light (1)
 N - a wand of roots (2)
 T - a wand of flame (8)
Scrolls
 c - a scroll of revelation {!r}
 h - 4 scrolls of amnesia
 o - a scroll of butterflies
 p - 2 scrolls of blinking
 q - 6 scrolls of teleportation {!r}
 s - a scroll of enchant armour {unknown}
 t - a scroll of fog {unknown}
 w - a scroll of silence {!r}
 C - a scroll of torment {unknown}
 F - a scroll of brand weapon {unknown}
 L - a scroll of immolation
 M - a scroll of poison
Potions
 n - 4 potions of attraction
 r - a potion of cancellation {!q}
 u - 5 potions of curing {!q}
 x - a potion of berserk rage {unknown}
 A - a potion of resistance {!q}
 E - a potion of heal wounds {!q}
 I - a potion of ambrosia {!q}
 J - a potion of haste {!q}
 K - a potion of brilliance {!q}
 R - a potion of mutation
 S - a potion of invisibility {unknown}


   Skills:
 - Level 3.2 Fighting
 - Level 3.6 Axes
 - Level 3.0 Armour
 + Level 11.4 Spellcasting
 + Level 8.1 Conjurations
 - Level 1.0 Necromancy
 - Level 4.0 Fire Magic
 - Level 3.0 Earth Magic
 - Level 1.0 Evocations


You had 16 spell levels left.
You knew the following spells:

 Your Spells              Type           Power      Damage    Failure   Level
a - Scorch                Fire           56%        2d7       1%          2
b - Stone Arrow           Conj/Erth      100%       3d13      1%          3
c - Iskenderun's Battles  Conj           46%        2d10      5%          5
d - Sublimation of Blood  Necr           16%        N/A       6%          2
P - Passwall              Erth           36%        N/A       4%          3

Your spell library contained the following spells:

 Spells                   Type           Power      Damage    Failure   Level
 Sandblast                Erth           72%        2d16      1%          1
 Brom's Barrelling Bould  Conj/Erth      52%        2d7       6%          4
 Call Imp                 Summ           24%        N/A       9%          2
 Ensorcelled Hibernation  Hex/Ice        24%        N/A       9%          2
 Fugue of the Fallen      Necr           16%        N/A       12%         3
 Ozocubu's Armour         Ice            12%        N/A       17%         3
 Swiftness                Air            12%        N/A       17%         3
 Manifold Assault         Tloc           12%        N/A       50%         4
 Bombard                  Conj/Erth      26%        9d5       65%         6
 Spellforged Servitor     Conj/Summ      14%        N/A       100%        7
 Summon Hydra             Summ           6%         N/A       100%        7


Dungeon Overview and Level Annotations

Branches:
Dungeon (10/15)            Temple (1/1) D:4
   Lair: D:8-11         Orc: D:9-12

Altars:
Ashenzari
Cheibriados
Elyvilon
Fedhas
Gozag
Hepliaklqana
Kikubaaqudgha
Makhleb
Nemelex Xobeh
Okawaru
Qazlal
Ru
Sif Muna
Trog
Uskayaw
Vehumet
Wu Jian
Xom
Yredelemnul
Zin
The Shining One

Shops:
D:1 [

Annotations:
D:5 1 exclusion
D:9 2 transporters, exclusion: downstairs, gremlin's ghost, journeyman DsGl
D:10 3 exclusions


Innate Abilities, Weirdness & Mutations

Your spellcasting is much less encumbered by armour.
You can use scrolls of enchantment on lesser artefacts.
You have a pair of small horns on your head.


Message History

The warg resists with significant effort.
The now-empty wand crumbles to dust.
Aiming: Throw Flame
Press: ? - help, Shift-Dir - straight line, f/p - warg
Aim: a warg (moderately wounded, 60% to hit)
The puff of flame misses the warg.
Aiming: Throw Flame
Press: ? - help, Shift-Dir - straight line, f/p - warg
Aim: a warg (moderately wounded, 60% to hit)
The puff of flame hits the warg but does no damage.
The warg is moderately wounded.
Casting: Scorch (safe; 1% risk of failure)
Confirm with . or Enter, or press ? or * to list all spells.
Flames lash the warg.
The warg is heavily wounded.
The warg's fire resistance burns away.
Your battlesphere fires!
The barrage of energy hits the warg!
The warg is severely wounded.
The warg misses you.
Aiming: Throw Flame
Press: ? - help, Shift-Dir - straight line, f/p - warg
Aim: a warg (severely wounded, more vulnerable to fire, ally target, 60% to hit)
The puff of flame hits the warg.
The warg is burned terribly!
The warg is almost dead.
You block the warg's attack. The warg bites you!
* * * LOW HITPOINT WARNING * * *
Aiming: Throw Flame
Press: ? - help, Shift-Dir - straight line, f/p - warg
Aim: a warg (almost dead, more vulnerable to fire, ally target, 60% to hit)
The puff of flame hits the warg but does no damage.
The warg is almost dead.
You block the warg's attack.
Okay, then.
Unknown command.
A protective cloak of flame settles atop you.
The warg is no longer more vulnerable to fire.
The warg bites you!
You die...
Ignis goes out, and joins you in death.

##........ #.
##.....#### #..
##.......###
#..###..........##
#....#............
...............)..
..........*.......
#.................
#.....@..........
#...<)h..........
#...))...........
....))............
..................
...)..............
.................
...>............


You could see a warg (ally target) and a friendly battlesphere.

Vanquished Creatures
  A gargoyle (D:6)
  A hornet (D:8)
  Grinder (D:3)
  Prince Ribbit (D:7)
  A shadow (D:6)
  15 yaks (D:9)
  2 steam dragons
  Grum (D:10)
  Menkaure (D:7)
  2 acid dragons
  A water moccasin (D:5)
  2 orc warriors (D:9)
  A black bear (D:6)
  A sky beast (D:6)
  2 ogres (D:6)
  2 wolves (D:10)
  3 centaurs
  3 phantoms
  2 kobold brigands
  3 bullfrogs
  A scorpion (D:6)
  2 gnoll sergeants
  6 wights
  5 killer bees (D:9)
  A howler monkey (D:10)
  2 jellies
  A bombardier beetle (D:5)
  2 hounds
  A gnoll bouda (D:7)
  7 orc priests
  A human skeleton (D:8)
  An iguana (D:6)
  4 orc wizards
  Natasha (thrice) (D:3)
  Robin (D:3)
  A hound skeleton (D:8)
  9 adders
  12 gnolls
  A shadow imp (D:7)
  5 dart slugs
  2 ribbon worms
  34 orcs
  9 ball pythons
  5 bats
  8 endoplasms
  3 giant cockroaches
  8 hobgoblins
  4 quokkas
  2 frilled lizards
  16 goblins
  13 kobolds
  6 rats
222 creatures vanquished.

Vanquished Creatures (collateral kills)
  A steam dragon (D:9)
  2 wights (D:8)
  An orc priest (D:9)
  An orc (D:9)
  A kobold (D:5)
6 creatures vanquished.

Vanquished Creatures (others)
  Sigmund (D:5)
  A centaur (D:6)
  A wight (D:8)
3 creatures vanquished.

Grand Total: 231 creatures vanquished

Notes
Turn   | Place    | Note
-------+----------+-------------------------------------------
     0 | D:1      | sdynet the Mountain Dwarf Cinder Acolyte began the quest
                  | for the Orb.
     0 | D:1      | Reached XP level 1. HP: 19/19 MP: 2/2
    75 | D:1      | Found Tosirett's Antique Armour Shoppe.
   124 | D:1      | Reached XP level 2. HP: 20/26 MP: 2/4
   233 | D:1      | Reached skill level 2 in Spellcasting
   336 | D:1      | Reached XP level 3. HP: 31/31 MP: 6/6
   356 | D:1      | Learned a level 2 spell: Scorch
  1257 | D:2      | Found a sparkling altar of Nemelex Xobeh.
  1292 | D:2      | Reached skill level 3 in Spellcasting
  1309 | D:2      | Found a faded altar of an unknown god.
  1377 | D:2      | Reached XP level 4. HP: 38/38 MP: 2/8
  1577 | D:2      | Identified the +7 dagger "Xoepav" {vamp, Dex+3}
  2379 | D:3      | Noticed Robin
  2477 | D:3      | Killed Robin
  2485 | D:3      | Noticed Grinder
  2488 | D:3      | Gained mutation: Your magical capacity is low. (-10% MP)
                  | [potion of mutation]
  2717 | D:4      | Reached XP level 5. HP: 45/45 MP: 9/9
  2733 | D:4      | Reached skill level 4 in Spellcasting
  3450 | D:4      | Found a staircase to the Ecumenical Temple.
  3455 | Temple   | Entered the Ecumenical Temple
  3958 | D:5      | Entered Level 5 of the Dungeon
  4041 | D:5      | Noticed a phantom
  4054 | D:4      | Reached skill level 5 in Spellcasting
  4054 | D:4      | Reached XP level 6. HP: 16/51 MP: 1/12
  4426 | D:5      | Noticed a water moccasin
  4433 | D:5      | Killed a water moccasin
  4434 | D:5      | Reached skill level 6 in Spellcasting
  4436 | D:5      | Reached XP level 7. HP: 47/57 MP: 2/14
  4769 | D:5      | Identified the +0 leather armour of Spite {rElec Int+3
                  | Dex+4}
  4771 | D:5      | Noticed Sigmund
  4784 | D:5      | Your ally Sigmund died
  4791 | D:5      | Reached skill level 7 in Spellcasting
  5043 | D:5      | Reached XP level 8. HP: 49/63 MP: 10/17
  5163 | D:5      | Identified the +7 mace of Fortitude {pain, *Slow rCorr
                  | Dex+2}
  5300 | D:5      | Found a glowing silver altar of Zin.
  5549 | D:6      | Reached skill level 8 in Spellcasting
  6193 | D:6      | Reached skill level 9 in Spellcasting
  6323 | D:6      | Noticed a gargoyle
  6341 | D:6      | Killed a gargoyle
  6353 | D:6      | Reached XP level 9. HP: 21/70 MP: 10/20
  6378 | D:6      | Reached skill level 10 in Spellcasting
  6412 | D:6      | Learned a level 3 spell: Stone Arrow
  6418 | D:6      | Learned a level 5 spell: Iskenderun's Battlesphere
  6629 | D:6      | Found a broken altar of Ashenzari.
  7051 | D:3      | Noticed Natasha
  7054 | D:3      | Killed Natasha
  7055 | D:3      | Reached skill level 1 in Earth Magic
  7099 | D:3      | Identified the +0 robe of Darkness {rF+ rCorr Str-5 Dex+3}
  7158 | D:3      | Noticed Natasha
  7166 | D:3      | Killed Natasha
  7167 | D:3      | Reached skill level 1 in Conjurations
  7268 | D:3      | Learned a level 2 spell: Sublimation of Blood
  7351 | D:3      | Killed Grinder
  7352 | D:3      | Reached skill level 1 in Necromancy
  7383 | D:3      | Noticed Natasha
  7388 | D:3      | Killed Natasha
  8295 | D:7      | Reached skill level 1 in Armour
  8741 | D:7      | Noticed Menkaure
  8756 | D:7      | Killed Menkaure
  9101 | D:7      | Found an opulent altar of Gozag.
  9172 | D:7      | Noticed Prince Ribbit
  9181 | D:7      | Killed Prince Ribbit
  9182 | D:7      | Reached skill level 5 in Conjurations
  9307 | D:7      | Found a shimmering blue altar of Sif Muna.
  9961 | D:8      | Reached skill level 1 in Evocations
 10280 | D:8      | Lost mutation: Your magical capacity is low. (-10% MP)
                  | [potion of mutation]
 10280 | D:8      | Gained mutation: You have a pair of small horns on your
                  | head. [potion of mutation]
 10355 | D:8      | Reached XP level 10. HP: 58/77 MP: 21/24
 10496 | D:8      | Learned a level 3 spell: Passwall
 10648 | D:8      | Found a hazy altar of Hepliaklqana.
 10671 | D:8      | Found a burning altar of Makhleb.
 10954 | D:9      | Found a transporter.
 11269 | D:9      | Found a transporter.
 11272 | D:9      | Noticed gremlin's ghost (journeyman DsGl)
 11580 | D:9      | Reached skill level 11 in Spellcasting
 11724 | D:9      | Found an iron altar of Okawaru.
 11934 | D:10     | Entered Level 10 of the Dungeon
 12026 | D:10     | Noticed Grum
 12040 | D:10     | Killed Grum
 12049 | D:10     | Slain by a warg

Illustrated notes

Levels and vault maps discovered:
D:1:      minmay_arrival_checkered_box, layout_basic, serial_shops, shop
D:2:      layout_loops_ring, basic_altar, basic_ecumenical_altar
D:3:      layout_basic, uniq_natasha, uniq_robin, uniq_grinder
D:4:      minmay_door_path, layout_basic, temple_doors_e
D:5:      layout_basic, zin_scriptorium, uniq_sigmund
D:6:      minmay_chambers_of_sixes, layout_basic, kennysheep_mini_moat,
          serial_rivers, chequers_serial_rivers_micro_d,
          chequers_serial_rivers_micro_a, chequers_serial_rivers_micro_e,
          chequers_serial_rivers_large_b
D:7:      layout_cave_pods, nicolae_gozag_cash_rules_everything_around_me,
          nicolae_sif_muna_little_library, uniq_prince_ribbit1, uniq_menkaure
D:8:      layout_rooms, makhleb_blood_cavern_becter,
          worldfamousw_hep_ancestral_shrine
D:9:      layout_roguey, mainiacjoe_overflow_cross_hatched,
          gammafunk_ghost_stat_death, minivault_24
D:10:     layout_layer_cave, nicolae_dithmenos_through_a_glass_darkly,
          david_orc_3, enter_bailey_4, uniq_grum, uniq_lodul
Temple:   eino_narrow_crystal_temple

Skill      XL: |  1  2  3  4  5  6  7  8  9 10 |
---------------+-------------------------------+-----
Fire Magic     | 4 |  4.0
Spellcasting   | 2 3 5 6 7 9 10 11 | 11.4
Earth Magic    | 3 |  3.0
Conjurations   | 6 8 |  8.1
Necromancy     | 1 |  1.0
Armour         | 1 3 |  3.0
Evocations     | 1 |  1.0
Fighting       | |  3.2
Axes           | |  3.6

Action                     |  1- 3 |  4- 6 |  7- 9 | 10-12 || total
---------------------------+-------+-------+-------+-------++-------
  Melee: Hand axe          |    72 |   130 |     7 |     1 ||   210
         Unarmed           |       |       |    14 |       ||    14
         Staff             |       |       |       |     6 ||     6
         Headbutt          |       |       |       |     1 ||     1
  Throw: Dart              |       |       |    17 |     8 ||    25
   Cast: Scorch            |    12 |    57 |   166 |    27 ||   262
         Stone Arrow       |       |       |       |    23 ||    23
         Iskenderun's Batt |       |       |       |     8 ||     8
 Invoke: Fiery Armour      |       |       |     1 |     1 ||     2
  Evoke: Wand              |       |       |    28 |    19 ||    47
    Use: Scroll            |       |    10 |     6 |     3 ||    19
         Potion            |       |     4 |     3 |       ||     7
 Armour: Leather armour    |    29 |    74 |    50 |    20 ||   173
         Robe              |     3 |       |     3 |     3 ||     9
         Skin              |       |       |    28 |       ||    28
  Dodge: Dodged            |    74 |   141 |    60 |    38 ||   313
  Block: Other             |       |       |    14 |     8 ||    22
         Reflection        |       |       |     2 |       ||     2

Table legend: (Time is in decaauts)
 A = Elapsed time spent in this place.
 B = Non-inter-level travel time spent in this place.
 C = Inter-level travel time spent in this place.
 D = Time resting spent in this place.
 E = Time spent auto-exploring this place.
 F = Levels seen in this place.
 G = Mean time per level.
                   A        B        C        D        E       F      G
               +--------+--------+--------+--------+--------+-----+--------+
         Total |  12110 |  11032 |   1078 |    110 |   9044 |  11 | 1100.9 |
       Dungeon |  12109 |  11031 |   1078 |    110 |   9044 |  10 | 1210.9 |
        Temple |      1 |      1 |      0 |      0 |      0 |   1 |    1.0 |
               +--------+--------+--------+--------+--------+-----+--------+

Top non-repeatable levels by time:
     D:4: 1757 daAuts
     D:7: 1669 daAuts
     D:6: 1636 daAuts
     D:3: 1598 daAuts
     D:1: 1242 daAuts
     D:5: 1162 daAuts
     D:9: 1076 daAuts
     D:2: 931 daAuts
     D:8: 923 daAuts
    D:10: 111 daAuts
  Temple: 1 daAuts
